 Dungeon Crawl Stone Soup version 0.20-a0-433-g9e36e56 (webtiles) character file.

56 Mogwied the Sneak (level 3, -5/16 HPs)
             Began as a Spriggan Enchanter on Jan 3, 2017.
             Killed from afar by Sigmund (7 damage)
             ... with a puff of flame
             ... on level 2 of the Dungeon.
             The game lasted 00:09:38 (2405 turns).

Mogwied the Sneak (Spriggan Enchanter)              Turns: 2405, Time: 00:09:38

Health: -5/16      AC:  2    Str:  4    XL:     3   Next: 71%
Magic:  5/9        EV: 18    Int: 17    God:
Gold:   106        SH:  0    Dex: 16    Spells: 6/9 levels left

rFire  . . .     SeeInvis +     a - +1 dagger
rCold  . . .     Gourm    .     b - +0 robe
rNeg   . . .     Faith    .     (shield restricted)
rPois  .         Spirit   .     (helmet restricted)
rElec  .         Reflect  .     (no cloak)
rCorr  .         Harm     .     (gloves unavailable)
MR     .....                    (boots unavailable)
Stlth  +++.......               (no amulet)
                                (no ring)
                                (no ring)

@: very quick
A: unfitting armour, see invisible, herbivore 3, speed 3, slow metabolism 2
a: no special abilities


You were on level 2 of the Dungeon.
You were hungry.

You visited 1 branch of the dungeon, and saw 2 of its levels.

You collected 106 gold pieces.

Inventory:

Hand Weapons
 a - a +1 dagger (weapon)
 n - a cursed -2 club
Armour
 b - a +0 robe (worn)
Scrolls
 g - 2 scrolls of enchant armour {unknown}
 h - a scroll of identify {unknown}
 j - 2 scrolls of teleportation {unknown}
 l - a scroll of noise {unknown}
Potions
 e - 2 potions of magic {unknown}
 i - a potion of cure mutation {unknown}
 k - a potion of might {unknown}
 m - 2 potions of lignification {unknown}
Books
 c - a book of Maledictions

   Spells                             Type                      Level
   a - Corona                         Hexes                        1
   b - Ensorcelled Hibernation        Hexes/Ice                    2
   c - Confuse                        Hexes                        3
   d - Tukima's Dance                 Hexes                        3
   e - Dazzling Spray                 Conjuration/Hexes            3
Comestibles
 d - a bread ration
 f - 4 fruits


   Skills:
 - Level 0.2 Fighting
 + Level 1.4 Short Blades
 - Level 3.0 Dodging
 + Level 4.9 Stealth
 + Level 3.6 Spellcasting
 + Level 4.3 Hexes
 + Level 0.4 Ice Magic


You had 6 spell levels left.
You knew the following spells:

 Your Spells              Type           Power        Failure   Level  Hunger
a - Corona                Hex            ###....      2%          1    None
b - Ensorcelled Hibernat  Hex/Ice        ##....       12%         2    ##.....


Dungeon Overview and Level Annotations

Branches:
Dungeon (2/15)

Altars:

Annotations:
D:2 Sigmund


Innate Abilities, Weirdness & Mutations

You are very small and have problems with some larger weapons.
You are too small for most types of armour.
You have supernaturally acute eyesight. (SInv)
You are a herbivore.
You cover ground extremely quickly.
You need consume almost no food.


Message History

Confirm with . or Enter, or press ? or * to list all spells.
Aiming: Corona
Press: ? - help, Shift-Dir - straight line, f/p - Sigmund
Aim: Sigmund, wielding a scythe of venom and wearing a robe (almost dead, chance to defeat MR: 63%) Sigmund is outlined in light.
Sigmund gestures at you while chanting. You resist with some effort.
Sigmund mumbles some strange words.
Sigmund flickers and vanishes for a moment.
You hit Sigmund.
Sigmund is almost dead.
Sigmund points at you and mumbles some strange words.
The magic dart hits you!
Sigmund points at you and mumbles some strange words.
The magic dart hits you!
Ouch! That really hurt!
* * * LOW HITPOINT WARNING * * *
Sigmund points at you and mumbles some strange words.
The puff of flame hits you!
You die...

####.....#...#.#
#.........#.#
#.........#.######.
#...##....@........
#####....##.######
#........##.#..#
#.#####..##....#
#...>..####.## #.####.#
#@# #.####.######
#.#.†.......#
#.#..<......#
#...........# #####
###.#....)..# #....
###)........#
###....####...........#
......................#


You could see Sigmund (invisible).

Vanquished Creatures
  An adder (D:2)
  An ooze (D:2)
  A worm (D:2)
  A dart slug (D:1)
  A giant cockroach (D:2)
  6 hobgoblins
  4 jackals (D:1)
  3 kobolds
  A ball python (D:1)
  4 bats (D:1)
  2 frilled lizards (D:1)
  6 goblins
  6 rats (D:1)
37 creatures vanquished.

Notes
Turn   | Place    | Note
-------+----------+-------------------------------------------
     0 | D:1      | Mogwied the Spriggan Enchanter began the quest for the Orb.
     0 | D:1      | Reached XP level 1. HP: 9/9 MP: 5/5
   409 | D:1      | Reached XP level 2. HP: 13/13 MP: 6/6
  1324 | D:2      | Reached XP level 3. HP: 16/16 MP: 8/8
  1402 | D:2      | Learned a level 2 spell: Ensorcelled Hibernation
  2141 | D:2      | Noticed Sigmund
  2405 | D:2      | Killed from afar by Sigmund

Vault maps used:
D:1:      evilmike_arrival_crescent
D:2:      uniq_sigmund

Skill      XL: |  1  2 |
---------------+-------+-----
Spellcasting   | 3 |  3.6
Hexes          | 4 |  4.3
Fighting       | |  0.2
Short Blades   | |  1.4
Dodging        | |  3.0
Stealth        | |  4.9
Ice Magic      | |  0.4

Action                   || total
-------------------------++-------
Melee: Dagger            ||   148
 Cast: Corona            ||    39
       Ensorcelled Hiber ||    13
 Stab: Sleeping          ||    14
Armor: Robe              ||    15
Dodge: Dodged            ||   127
